 Dungeon Crawl Stone Soup version 0.27-a0-414-gbb19ded6d3 (webtiles) character file.

Game seed: 3789971511613322362

1762 Fenrir042 the Destroyer (level 8, -1/52 HPs)
             Began as a Demonspawn Conjurer on Feb 24, 2021.
             Was a Believer of Vehumet.
             Slain by a phantom (6 damage)
             ... on level 6 of the Dungeon.
             The game lasted 00:24:16 (8003 turns).

Fenrir042 the Destroyer (Demonspawn Conjurer)       Turns: 8003, Time: 00:24:17

Health: -1/52      AC:  6    Str:  7    XL:     8   Next: 79%
Magic:  0/18       EV: 15    Int: 22    God:    Vehumet [**....]
Gold:   260        SH:  5    Dex: 18    Spells: 13/20 levels left

rFire    . . .     SeeInvis .   y - +2 rapier (protect)
rCold    . . .     Faith    .   (no shield)
rNeg     . . .     Spirit   .   a - +0 robe
rPois    .         Reflect  +   w - +1 hat
rElec    .         Harm     .   A - +0 cloak
rCorr    .         Rampage  .   (no gloves)
Will     +....                  (no boots)
Stlth    ++........             u - amulet of reflection
HPRegen  0.17/turn              j - +6 ring of dexterity
MPRegen  0.16/turn              n - ring of willpower

@: mighty, flying
A: horns 2, yellow scales 1, foul stench 2, powered by pain 1
a: Renounce Religion


You were on level 6 of the Dungeon.
You worshipped Vehumet.
Vehumet was pleased with you.
You visited 1 branch of the dungeon, and saw 6 of its levels.

You collected 302 gold pieces.
You spent 42 gold pieces at shops.

Inventory:

Hand Weapons
 i - a +2 dagger of flaming
 k - a +3 trident
 q - a +1 vampiric dagger
 v - the +4 morningstar of Discord {vorpal, *Drain rElec rF+}
   (You found it on level 4 of the Dungeon)

   It inflicts extra damage upon your enemies.
   It protects you from fire.
   It insulates you from electricity.
   It causes draining when unequipped.
 y - a +2 rapier of protection (weapon)
Armour
 a - a +0 robe (worn)
 w - a +1 hat (worn)
 A - a +0 cloak (worn)
Jewellery
 f - a ring of fire
 j - a +6 ring of dexterity (left hand)
 n - a ring of willpower (right hand)
 u - an amulet of reflection (around neck)
 D - a ring of magical power
Wands
 g - a wand of iceblast (6)
 C - a wand of random effects (24)
Scrolls
 c - 4 scrolls of identify
 d - 2 scrolls of enchant weapon
 e - 3 scrolls of teleportation
 m - 3 scrolls of amnesia {unknown}
 p - 2 scrolls of enchant armour
 s - a scroll of fear {unknown}
 x - 2 scrolls of fog
Potions
 b - a potion of lignification {unknown}
 h - a potion of degeneration {unknown}
 l - a potion of heal wounds {unknown}
 o - a potion of haste {unknown}
 r - a potion of attraction {unknown}
 t - a potion of curing {unknown}
 z - a potion of flight
 B - a potion of mutation {unknown}


   Skills:
 + Level 4.8 Dodging
 - Level 1.7 Stealth
 * Level 6.8 Spellcasting
 * Level 8.2 Conjurations
 - Level 1.0 Translocations


You had 13 spell levels left.
You knew the following spells:

 Your Spells              Type           Power        Failure   Level
a - Magic Dart            Conj           100%         1%          1
b - Searing Ray           Conj           86%          1%          2
c - Iskenderun's Mystic   Conj/Tloc      27%          12%         4

Your spell library contained the following spells:

 Spells                   Type           Power        Failure   Level
 Shock                    Conj/Air       100%         1%          1
 Dazzling Flash           Conj/Hex       50%          4%          3
 Fulminant Prism          Conj/Hex       12%          16%         4


Dungeon Overview and Level Annotations

Branches:
Dungeon (6/15)
 Temple: D:4-7

Altars:
Fedhas
Gozag
Makhleb
Okawaru
Qazlal
Trog
Uskayaw
Vehumet
Wu Jian

Shops:
D:5 ?

Annotations:
D:3 3 runed translucent doors, bmj180's ghost, amateur HOFE


Innate Abilities, Weirdness & Mutations

You have a pair of horns on your head.
You are partially covered in yellow scales. (AC +2)
You sometimes emit foul miasma when damaged in melee.
You sometimes gain a little power by taking damage.


Message History

Aim: a phantom (moderately damaged, 0% to evade)
The magic dart hits the phantom.
The phantom is heavily damaged.
The phantom hits you!
You emit a cloud of foul miasma!
Casting: Magic Dart (safe; 1% risk of failure)
Confirm with . or Enter, or press ? or * to list all spells.
Aiming: Magic Dart (safe; 1% risk of failure)
Press: ? - help, Shift-Dir - straight line, f/p - phantom
Aim: a phantom (foul pestilence, moderately damaged, 0% to evade)
The magic dart hits the phantom.
The phantom is heavily damaged.
The phantom hits you.
* * * LOW HITPOINT WARNING * * *
Casting: Magic Dart (safe; 1% risk of failure)
Confirm with . or Enter, or press ? or * to list all spells.
Aiming: Magic Dart (safe; 1% risk of failure)
Press: ? - help, Shift-Dir - straight line, f/p - phantom
Aim: a phantom (foul pestilence, heavily damaged, 0% to evade)
The magic dart hits the phantom.
The phantom is heavily damaged.
The phantom barely misses you. You block the phantom's attack.
You closely miss the phantom. You headbutt the phantom.
The phantom is severely damaged.
The phantom hits you!
* * * LOW HITPOINT WARNING * * *
Casting: Magic Dart (safe; 1% risk of failure)
Confirm with . or Enter, or press ? or * to list all spells.
Aiming: Magic Dart (safe; 1% risk of failure)
Press: ? - help, Shift-Dir - straight line, f/p - phantom
Aim: a phantom (severely damaged, 0% to evade)
The magic dart hits the phantom.
The phantom is almost destroyed.
The phantom hits you.
* * * LOW HITPOINT WARNING * * *
The phantom blinks!
You blink.
It was a potion of flight.
You feel very buoyant.
You fly up into the air.
The phantom hits you.
You die...

#.. .## #..##.. .###..#... . ..
............... .##.#
#.............. ....## # .
#.......##....# ###....#.#
.###.......#....W# #........
...........#....@###.....#
...........#......##..(..#
...............§§..).))..#
..[................###..##
#.....†............# #...#
#..........##.....## ###.....#
##...#####.###.##.# #......).
##....# #...##....####..........
#.....###..###.............[....


You could see a phantom.

Vanquished Creatures
  Prince Ribbit (D:5)
  Sigmund (D:2)
  An orc warrior (D:6)
  3 ogres
  A centaur (D:5)
  A scorpion (D:4)
  2 hounds
  An orc priest (D:3)
  2 gnoll shamans (D:5)
  An iguana (D:4)
  Jessica (D:2)
  An orc wizard (D:6)
  2 worker ants (D:4)
  A hound zombie (D:5)
  A hound skeleton (D:6)
  37 gnolls (D:5)
  10 adders
  3 shadow imps (D:5)
  A white imp (D:5)
  An ooze (D:1)
  An adder skeleton (D:4)
  3 worms
  8 leopard geckos
  15 orcs
  2 ball pythons
  6 bats
  6 giant cockroaches
  9 goblins
  7 hobgoblins
  17 jackals
  2 quokkas (D:2)
  4 frilled lizards
  9 kobolds
  A quokka skeleton (D:4)
  8 rats
170 creatures vanquished.

Vanquished Creatures (others)
  3 plants (D:5)
  4 toadstools (D:1)
7 creatures vanquished.

Grand Total: 177 creatures vanquished

Notes
Turn   | Place    | Note
-------+----------+-------------------------------------------
     0 | D:1      | Fenrir042 the Demonspawn Conjurer began the quest for the
                  | Orb.
     0 | D:1      | Reached XP level 1. HP: 13/13 MP: 3/3
   342 | D:1      | Gained mutation: You sometimes gain a little power by
                  | taking damage. [demonic ancestry]
   342 | D:1      | Reached XP level 2. HP: 19/19 MP: 1/5
   886 | D:1      | Learned a level 2 spell: Searing Ray
  1127 | D:1      | You fall into a shaft and drop 1 floor!
  1140 | D:2      | Gained mutation: You have a pair of small horns on your
                  | head. [demonic ancestry]
  1140 | D:2      | Reached XP level 3. HP: 22/24 MP: 0/6
  1223 | D:2      | Found a stormy altar of Qazlal.
  1286 | D:2      | Noticed Jessica
  1292 | D:2      | Killed Jessica
  1318 | D:2      | Gained mutation: You are partially covered in yellow
                  | scales. (AC +2) [demonic ancestry]
  1318 | D:2      | Reached XP level 4. HP: 5/30 MP: 0/8
  1668 | D:2      | Noticed Sigmund
  1702 | D:2      | Killed Sigmund
  1703 | D:2      | Reached skill level 5 in Conjurations
  1703 | D:2      | Gained mutation: You have a pair of horns on your head.
                  | [demonic ancestry]
  1703 | D:2      | Reached XP level 5. HP: 6/35 MP: 4/10
  1983 | D:2      | Found a bloodstained altar of Trog.
  2552 | D:2      | Found a burning altar of Makhleb.
  2711 | D:1      | Gained mutation: You may rarely emit foul miasma when
                  | damaged in melee. [demonic ancestry]
  2711 | D:1      | Reached XP level 6. HP: 41/41 MP: 7/12
  3193 | D:3      | Found a runed translucent gate.
  3193 | D:3      | Found a runed translucent gate.
  3196 | D:3      | Noticed bmj180's ghost (amateur HOFE)
  3197 | D:3      | Found a runed translucent gate.
  3634 | D:3      | Learned a level 4 spell: Iskenderun's Mystic Blast
  4228 | D:4      | Found a blossoming altar of Fedhas.
  4354 | D:4      | Reached skill level 6 in Conjurations
  4641 | D:4      | Reached XP level 7. HP: 37/46 MP: 8/13
  4825 | D:4      | Reached skill level 1 in Translocations
  5070 | D:4      | Identified an ancient morningstar
  5150 | D:4      | Found a radiant altar of Vehumet.
  5151 | D:4      | Found an opulent altar of Gozag.
  5151 | D:4      | Found an iron altar of Okawaru.
  5165 | D:4      | Became a worshipper of Vehumet
  5285 | D:4      | Reached skill level 5 in Spellcasting
  5490 | D:5      | Entered Level 5 of the Dungeon
  5601 | D:5      | Found an ornate altar of the Wu Jian Council.
  5663 | D:5      | Found a hide-covered altar of Uskayaw.
  5663 | D:5      | Noticed Prince Ribbit
  5683 | D:5      | Killed Prince Ribbit
  5864 | D:5      | Reached skill level 7 in Conjurations
  6105 | D:5      | Gained mutation: You sometimes emit foul miasma when
                  | damaged in melee. [demonic ancestry]
  6105 | D:5      | Reached XP level 8. HP: 36/52 MP: 7/16
  6409 | D:5      | Found Uwkaamm's Magic Scroll Emporium.
  6522 | D:5      | Bought a scroll of teleportation for 42 gold pieces
  6760 | D:5      | Reached * piety under Vehumet
  6760 | D:5      | Offered knowledge of Freeze by Vehumet.
  7607 | D:5      | Reached skill level 8 in Conjurations
  7873 | D:6      | Reached ** piety under Vehumet
  7979 | D:6      | Offered knowledge of Shock by Vehumet.
  8003 | D:6      | Slain by a phantom

Illustrated notes

Levels and vault maps discovered:
D:1:      ldierk_walled_garden_2, layout_loops_cross
D:2:      layout_basic, nicolae_overflow_crystal_walls, lemuel_crystal_altar,
          marbit_many_paths, uniq_sigmund, uniq_jessica
D:3:      layout_basic, gammafunk_ghost_nasty_kobolds
D:4:      layout_loops_ring, chequers_temple_overflow_statue_of_worship,
          fedhas_altar_fruit_tree
D:5:      lemuel_castle_with_subvaults [lemuel_castle_interior_carwin_1],
          layout_basic, eat_drink_and_be_merry_uskayaw,
          nzn_wu_jian_council_hall, serial_shops, shop, uniq_prince_ribbit1
D:6:      layout_cave_pools, kennysheep_mini_moat, serial_column_ruins,
          column_ruins_hut_ruined, column_ruins_grid_1,
          column_ruins_open_medium, column_ruins_open_small, serial_shops,
          kennysheep_mini, uniq_maggie

Skill      XL: |  1  2  3  4  5  6  7  8 |
---------------+-------------------------+-----
Dodging        | 2 3 4 |  4.8
Spellcasting   | 3 4 5 6 |  6.8
Conjurations   | 5 6 7 8 |  8.2
Translocations | 1 |  1.0
Stealth        | |  1.7

Action                   |  1- 3 |  4- 6 |  7- 9 || total
-------------------------+-------+-------+-------++-------
Melee: Unarmed           |    33 |       |       ||    33
       Trident           |       |    11 |       ||    11
       Headbutt          |       |     1 |     1 ||     2
       Dagger            |       |     3 |    11 ||    14
       Rapier            |       |       |    14 ||    14
 Cast: Magic Dart        |    57 |   104 |   198 ||   359
       Searing Ray       |     1 |     8 |    24 ||    33
  Use: Scroll            |       |       |     5 ||     5
       Potion            |       |       |     1 ||     1
 Stab: Sleeping          |       |       |     1 ||     1
Armor: Robe              |    22 |     3 |     9 ||    34
Dodge: Dodged            |    58 |     9 |    40 ||   107
Block: Other             |       |       |    14 ||    14
       Reflection        |       |       |     2 ||     2

Table legend: (Time is in decaauts)
 A = Elapsed time spent in this place.
 B = Non-inter-level travel time spent in this place.
 C = Inter-level travel time spent in this place.
 D = Time resting spent in this place.
 E = Time spent auto-exploring this place.
 F = Levels seen in this place.
 G = Mean time per level.
                   A        B        C        D        E       F      G
               +--------+--------+--------+--------+--------+-----+--------+
         Total |   8013 |   7729 |    284 |   1357 |   5342 |   6 | 1335.5 |
       Dungeon |   8013 |   7729 |    284 |   1357 |   5342 |   6 | 1335.5 |
               +--------+--------+--------+--------+--------+-----+--------+

Top non-repeatable levels by time:
     D:5: 2373 daAuts
     D:2: 1530 daAuts
     D:1: 1513 daAuts
     D:4: 1276 daAuts
     D:3: 1173 daAuts
     D:6: 147 daAuts
